Map: Temple gelé

Players

CollieDred

  • Race: Terran Terran
  • League: Diamond

Worming - Winner!

  • Race: Zerg Zerg
  • League: Diamond

VOD

Have the link to the VOD?

Description

Time

  • Played on: Oct. 21, 2016, 6:27 a.m.
  • Length: 15:28
Show
View Real Time Build Order
Export as new Build Order

CollieDred Terran 

Build Orders: Reaper Expand, Bio Tank 

Get SALT Encoding   

  12  0:00  SCV  
  13  0:13  SCV  
  14  0:18  Supply Depot  
  14  0:25  SCV  
  15  0:40  SCV  
  15  0:41  Barracks  
  16  0:45  Refinery  
  16  0:52  SCV  
  17  1:04  SCV  
  18  1:16  SCV  
  19  1:30  Reaper, Orbital Command  
  20  1:44  Command Center, Unknown  
  20  1:48  Supply Depot  
  20  1:57  SCV  
  21  2:05  Barracks Tech Lab  
  21  2:13  SCV  
  22  2:15  Refinery  
  22  2:18  Factory  
  22  2:24  Barracks  
  22  2:39  Marine  
  22  2:43  SCV  
  24  2:53  Stimpack  
  24  2:55  Unknown  
  24  2:57  SCV  
  24  2:58  Orbital Command  
  25  2:59  Marine, Engineering Bay  
  26  3:09  SCV  
  26  3:12  Barracks Tech Lab, Factory Tech Lab  
  27  3:19  Marine  
  28  3:25  Supply Depot, Starport  
  28  3:29  SCV  
  28  3:30  SCV  
  30  3:39  Siege Tank  
  30  3:40  Marine  
  34  3:42  SCV  
  34  3:45  SCV  
  34  3:46  Marine  
  37  3:51  Refinery  
  37  3:56  Terran Infantry Weapons Level 1  
  37  3:58  Marine  
  38  4:11  SCV x2  
  40  4:19  Siege Tank  
  40  4:23  SCV x2  
  45  4:25  Supply Depot x2, Marine  
  45  4:26  Marine  
  46  4:36  Medivac  
  48  4:40  SCV x2  
  50  4:45  Marine  
  50  4:46  Marine  
  50  4:50  Refinery  
  52  4:57  Command Center, Unknown  
  52  4:59  Siege Tank  
  55  5:02  Combat Shields  
  55  5:06  SCV x2  
  57  5:10  Medivac  
  59  5:18  SCV  
  59  5:19  SCV, Marine x2  
  63  5:24  Armory  
  63  5:33  Barracks x2  
  63  5:43  Starport Reactor  
  63  5:45  Siege Tank  
  63  5:47  SCV x2  
  68  5:51  Supply Depot  
  68  5:55  Supply Depot  
  68  5:59  Terran Infantry Armor Level 1  
  68  6:08  Unknown  
  68  6:11  Marine x2  
  68  6:18  Orbital Command  
  70  6:19  Siege Tank  
  70  6:22  Marine x2  
  75  6:40  Marine x2  
  75  6:41  Marine x2  
  75  6:42  Medivac x2  
  83  6:58  Marine  
  83  6:59  Orbital Command  
  83  7:01  Marauder, Marine x2  
  87  7:02  Liberator  
  87  7:03  Liberator  
  88  7:16  Marine  
  88  7:17  Supply Depot  
  88  7:18  Marine, Siege Tank  
  88  7:19  Supply Depot, Marine  
  88  7:20  Supply Depot  
  100  7:29  Marauder  
  102  7:30  SCV  
  102  7:31  SCV x2  
  102  7:36  Terran Vehicle Weapons Level 1  
  105  7:38  Engineering Bay  
  105  7:43  Armory  
  98  8:01  Marine  
  98  8:02  Marauder x2, Marine, Liberator  
  98  8:03  Siege Tank  
  98  8:14  SCV x2  
  98  8:15  SCV  
  98  8:18  Missile Turret  
  98  8:19  Marine x2  
  105  8:23  Marauder, Marine  
  106  8:30  Missile Turret  
  106  8:34  Missile Turret  
  106  8:37  Marine x2  
  108  8:47  Missile Turret, Terran Infantry Weapons Level 2  
  108  8:52  Terran Ship Weapons Level 1  
  108  8:58  Terran Infantry Armor Level 2  
  108  9:02  Refinery  
  108  9:03  SCV x2  
  108  9:04  SCV, Refinery  
  106  9:33  Command Center, Unknown  
  106  9:36  SCV  
  106  9:37  SCV, Marauder, Marine x2  
  106  9:38  Marauder, Siege Tank  
  117  9:55  Marine  
  118  10:02  Supply Depot  
  118  10:08  Viking, Marine x2, Terran Vehicle And Ship Armor Level 1  
  118  10:09  Marauder  
  118  10:12  Marine  
  116  10:24  Liberator x2  
  116  10:26  Marauder  
  106  10:30  Marauder  
  101  10:39  Marine x2  
  101  10:40  Siege Tank  
  103  10:45  Unknown  
  103  10:48  Marauder  
  105  10:51  Marauder  
  105  10:57  Marine  
  95  11:10  Marine  
  88  11:11  Marauder  
  88  11:12  Marine, Siege Tank  
  88  11:14  Marine  
  93  11:21  SCV  
  93  11:24  Medivac x2, Starport  
  98  11:26  Planetary Fortress  
  98  11:31  Marauder  
  101  11:32  Marauder  
  96  12:00  Marine x4  
  97  12:04  Medivac x2  
  102  12:08  SCV x2  
  102  12:09  SCV  
  104  12:18  Marine x3  
  104  12:21  Command Center, Unknown  
  104  12:22  Terran Infantry Weapons Level 3  
  107  12:23  Barracks  
  107  12:24  Barracks  
  107  12:28  Terran Infantry Armor Level 3  
  107  12:29  Marine  
  108  12:35  Marine  
  108  12:36  Marine x2  
  111  12:46  Siege Tank  
  111  12:47  Marine  
  115  12:53  SCV x3, Marine x2  
  115  12:54  Marine  
  78  13:18  Marine x3  
  78  13:19  Marauder x2  
  65  13:33  Unknown  
  59  13:36  Marine x3  
  59  13:38  Siege Tank  
  59  13:39  Marine  
  59  13:40  Marauder  
  68  13:42  Viking  
  70  13:54  Marine x2  
  70  13:55  Marine  
  73  13:57  Marine  
  74  14:10  Planetary Fortress  
  74  14:11  Marine x2  
  74  14:12  Marine  
  74  14:17  Siege Tank  
  80  14:22  Liberator  
  80  14:27  Marine x2  
  80  14:29  Marine  
  83  14:36  Marine x2  
  85  14:45  SCV x2, Marine x2  
  92  14:48  Marine  
  92  14:50  Siege Tank  
  96  14:54  Marine  
  96  14:59  Marine  
  98  15:02  Marine  
  98  15:03  Marauder  
  98  15:06  Marine  
  103  15:16  Factory  
Show
View Real Time Build Order
Export as new Build Order

Worming Zerg - Winner!

Build Orders: Hatch First, Lurkers 

Get SALT Encoding   

  12  0:01  Drone  
  13  0:12  Overlord  
  13  0:20  Drone  
  14  0:30  Drone x2  
  14  0:35  Drone  
  17  0:52  Unknown, Hatchery  
  17  0:56  Drone  
  17  0:59  Drone  
  17  1:02  Extractor  
  17  1:06  Drone  
  18  1:18  Spawning Pool  
  17  1:24  Drone  
  18  1:28  Drone  
  19  1:38  Drone  
  20  1:53  Drone  
  21  2:04  Metabolic Boost, Unknown  
  21  2:05  Queen x2  
  21  2:06  Zergling x4  
  27  2:12  Overlord  
  27  2:17  Drone  
  28  2:35  Zergling x2  
  29  2:37  Drone x3  
  32  2:46  Overlord  
  32  2:48  Drone  
  36  3:05  Drone x3  
  36  3:20  Queen  
  36  3:22  Drone x6  
  36  3:23  Overlord  
  44  3:44  Evolution Chamber  
  44  3:46  Evolution Chamber  
  44  3:47  Drone x5  
  47  3:49  Extractor  
  47  3:50  Extractor  
  47  3:51  Overlord  
  47  3:55  Unknown, Hatchery  
  44  4:10  Zerg Missile Weapons Level 1  
  44  4:11  Zerg Ground Armor Level 1  
  44  4:15  Drone  
  44  4:16  Drone x3  
  49  4:17  Drone x2  
  50  4:29  Lair  
  50  4:31  Roach Warren  
  49  4:32  Drone x2  
  49  4:33  Drone  
  49  4:34  Overlord x2  
  52  4:49  Extractor  
  52  4:51  Drone  
  52  4:53  Drone x2  
  52  4:56  Zergling x8  
  52  4:57  Zergling x4  
  60  5:06  Unknown  
  60  5:14  Overlord  
  60  5:15  Overlord x2  
  60  5:16  Roach  
  62  5:24  Drone x4  
  62  5:25  Drone x4  
  70  5:34  Spore Crawler  
  69  5:36  Spore Crawler x2  
  69  5:38  Drone x3  
  70  5:45  Spire  
  70  5:49  Baneling Nest  
  66  5:59  Drone x4  
  70  6:05  Extractor, Drone x8  
  70  6:07  Extractor  
  70  6:09  Glial Reconstitution  
  76  6:16  Roach x5  
  86  6:30  Drone  
  86  6:31  Drone x2  
  89  6:35  Overlord x2  
  89  6:36  Roach, Zergling x2  
  92  6:46  Zerg Ground Armor Level 2, Zerg Missile Weapons Level 2  
  92  7:02  Spore Crawler  
  91  7:08  Zerg Flyer Weapons Level 1  
  91  7:09  Mutalisk x2  
  91  7:10  Mutalisk x6  
  91  7:12  Zergling x6  
  91  7:15  Queen x2  
  112  7:17  Overlord x4  
  113  7:35  Queen  
  115  7:44  Unknown, Hatchery  
  106  8:04  Roach x8  
  106  8:05  Roach x6  
  130  8:08  Hydralisk Den  
  129  8:17  Ravager  
  124  8:30  Ravager  
  125  8:34  Drone x7  
  125  8:38  Hydralisk  
  125  8:39  Muscular Augments, Hydralisk  
  136  8:44  Overlord  
  136  8:45  Overlord x2  
  136  8:52  Zergling x2  
  137  8:55  Unknown  
  137  8:57  Infestation Pit  
  115  9:26  Roach x14  
  115  9:27  Roach x8  
  143  9:35  Pathogen Glands  
  143  9:36  Hydralisk  
  143  9:53  Zerg Melee Weapons Level 1  
  143  9:54  Overlord x4  
  143  9:56  Roach x5  
  143  9:58  Lurker Den  
  143  9:59  Hydralisk  
  153  10:00  Hydralisk x6  
  153  10:02  Unknown, Hatchery  
  153  10:06  Ravager  
  167  10:08  Overlord x2  
  130  10:29  Roach x4, Hydralisk x3  
  130  10:30  Roach x2  
  138  10:42  Roach x9  
  128  11:02  Unknown, Hatchery  
  123  11:06  Roach x5  
  123  11:07  Roach x3  
  136  11:11  Spore Crawler  
  136  11:12  Unknown, Hatchery  
  136  11:13  Unknown  
  134  11:20  Drone x4  
  138  11:39  Hydralisk  
  140  11:40  Roach x5, Hydralisk x2  
  148  12:04  Extractor  
  148  12:05  Extractor, Drone x2  
  148  12:06  Drone x2, Hydralisk x5  
  148  12:07  Roach x7  
  174  12:09  Ravager x7  
  174  12:11  Zergling x2  
  174  12:13  Unknown  
  182  12:17  Drone x6  
  182  12:21  Queen  
  190  12:23  Unknown  
  190  12:38  Zerg Melee Weapons Level 2  
  190  12:41  Zergling x18  
  185  13:06  Unknown, Hatchery  
  158  13:17  Zergling x2  
  158  13:18  Roach x4, Zergling x12, Hydralisk x8  
  158  13:19  Roach x2  
  166  13:36  Hydralisk x2  
  166  13:37  Zergling x10  
  166  13:38  Zergling x14  
  179  13:49  Extractor  
  179  13:51  Extractor  
  177  14:13  Lurker x8  
  177  14:15  Zergling x28  
  199  14:17  Unknown  
  199  14:27  Baneling Nest  
Tags
 
Add a new tag
Caveats
  • Supply blocks, unpowered buildings, or Contaminate may cause inaccurate times.
  • Supply counts are checked every 10 seconds.